Map: [ESL] Oceanborn

Players

Classic

  • Race: Protoss Protoss
  • Spawn Location: 5:00

Cure - Winner!

  • Race: Terran Terran
  • Spawn Location: 11:00

Event: ESL Spring 2024 Finals

VOD

Have the link to the VOD?

Description

Time

  • Played on: June 1, 2024, 1:40 p.m.
  • Length: 13:32

All games in this series

Show
View Real Time Build Order
Export as new Build Order

Classic Protoss 

Build Orders: Blink Stalkers, Colossus Rush 

Get SALT Encoding   

  12  0:00  Probe  
  13  0:12  Probe  
  14  0:16  Pylon  
  14  0:24  Probe  
  15  0:34  Gateway  
  15  0:36  Probe (Chrono Boost)  
  16  0:46  Assimilator, Probe (Chrono Boost)  
  17  0:51  Probe (Chrono Boost)  
  18  1:03  Probe  
  19  1:15  Probe  
  20  1:21  Cybernetics Core  
  20  1:22  Zealot (Chrono Boost)  
  22  1:30  Pylon, Probe  
  23  1:40  Assimilator  
  23  1:48  Probe  
  24  1:57  Stalker (Chrono Boost)  
  24  1:58  Warp Gate  
  24  2:01  Probe  
  27  2:13  Probe  
  28  2:19  Stalker (Chrono Boost)  
  30  2:25  Nexus  
  30  2:30  Pylon  
  30  2:32  Probe  
  31  2:48  Probe  
  31  2:50  Twilight Council  
  32  2:53  Stalker  
  34  3:00  Probe  
  35  3:12  Probe  
  36  3:24  Blink (Chrono Boost), Probe  
  37  3:33  Gateway  
  37  3:34  Robotics Facility  
  37  3:36  Probe (Chrono Boost)  
  37  3:37  Probe (Chrono Boost)  
  39  3:47  Probe x2 (Chrono Boost)  
  41  3:48  Stalker  
  41  3:51  Probe (Chrono Boost)  
  41  3:52  Probe (Chrono Boost)  
  45  3:59  Pylon  
  46  4:02  Probe  
  46  4:03  Probe  
  46  4:08  Assimilator  
  47  4:15  Stalker, Probe x2  
  51  4:18  Gateway  
  51  4:20  Observer  
  52  4:24  Assimilator  
  52  4:27  Pylon  
  52  4:30  Stalker  
  54  4:33  Probe x2  
  56  4:39  Stalker  
  56  4:40  Observer  
  59  4:46  Probe x2  
  61  4:57  Robotics Bay  
  61  5:00  Pylon  
  61  5:06  Probe  
  61  5:07  Probe, Immortal (Chrono Boost)  
  67  5:14  Charge (Chrono Boost)  
  67  5:21  Nexus  
  67  5:26  Pylon  
  67  5:29  Sentry  
  67  5:34  Probe  
  67  5:35  Pylon, Probe  
  71  5:43  Colossus (Chrono Boost)  
  71  5:48  Probe x2  
  79  5:52  Extended Thermal Lance  
  79  5:57  Stalker  
  79  6:01  Gateway  
  79  6:02  Probe  
  79  6:03  Probe  
  83  6:07  Observer  
  83  6:09  Gateway  
  83  6:12  Forge  
  83  6:15  Probe x2  
  85  6:24  Gateway, Pylon  
  85  6:26  Observer  
  85  6:27  Colossus (Chrono Boost)  
  91  6:35  Probe x2  
  91  6:36  Probe  
  94  6:40  Sentry x2  
  94  6:43  Shield Battery  
  94  6:46  Protoss Ground Weapons Level 1 (Chrono Boost)  
  98  6:47  Probe x2  
  98  6:49  Zealot  
  98  6:53  Shield Battery  
  102  6:55  Stalker  
  104  7:01  Pylon  
  104  7:03  Shield Battery  
  104  7:05  Probe x3  
  107  7:10  Disruptor (Chrono Boost)  
  107  7:15  Zealot x3  
  117  7:18  Pylon  
  117  7:20  Pylon  
  116  7:23  Zealot x2  
  116  7:28  Assimilator  
  120  7:30  Assimilator  
  120  7:34  Pylon  
  120  7:38  Shield Battery  
  120  7:43  Observer (Chrono Boost)  
  121  7:44  Zealot x2  
  121  7:45  Zealot x4  
  133  7:51  Probe x2  
  133  7:52  Probe  
  136  7:58  Warp Prism (Chrono Boost)  
  136  7:59  Templar Archives  
  136  8:01  Observer  
  136  8:09  Probe x3  
  136  8:10  Gateway  
  139  8:14  Gateway  
  139  8:23  Pylon  
  139  8:24  Pylon  
  139  8:25  Pylon  
  135  8:35  Zealot x6  
  136  8:44  Colossus (Chrono Boost)  
  135  8:57  High Templar  
  135  8:58  High Templar x5  
  135  8:59  Protoss Ground Weapons Level 2 (Chrono Boost)  
  145  9:13  Psionic Storm  
  145  9:19  Probe x3  
  145  9:23  Zealot x2  
  147  9:25  Warp Prism (Chrono Boost)  
  147  9:27  Pylon  
  139  9:32  Zealot x6  
  147  9:42  Stargate  
  147  9:48  Nexus  
  147  9:51  Pylon  
  147  9:52  Pylon  
  147  9:56  Protoss Air Weapons Level 1  
  145  10:04  Observer  
  145  10:06  Stalker x5  
  156  10:12  Probe x3  
  157  10:23  Zealot x3  
  157  10:24  Probe  
  157  10:25  Phoenix (Chrono Boost)  
  166  10:34  Fleet Beacon, Stargate  
  166  10:37  Stargate  
  166  10:43  Stalker  
  166  10:44  Stalker  
  160  10:58  Probe x3  
  163  11:08  Stalker x6  
  163  11:10  Stalker, Probe  
  172  11:13  Stalker  
  172  11:31  Zealot  
  172  11:32  Zealot x5  
  164  11:34  Archon x3  
  164  11:35  Zealot  
  164  11:39  Zealot  
  144  11:41  Disruptor (Chrono Boost)  
  120  11:51  Carrier x2 (Chrono Boost)  
  120  11:52  Carrier (Chrono Boost)  
  126  12:04  High Templar  
  126  12:05  Zealot x4  
  136  12:14  High Templar  
  136  12:15  Zealot x2  
  120  12:25  Colossus (Chrono Boost)  
  122  12:40  Stalker x5  
  132  12:50  Archon  
  120  12:51  Zealot x3  
  112  13:03  Zealot x5  
  91  13:13  Stalker x3  
  88  13:23  Zealot  
Show
View Real Time Build Order
Export as new Build Order

Cure Terran - Winner!

Build Orders:  

Get SALT Encoding   

  12  0:00  SCV  
  13  0:12  SCV  
  14  0:16  Supply Depot  
  14  0:24  SCV  
  14  0:27  Refinery  
  15  0:38  SCV  
  16  0:44  Barracks  
  16  0:50  SCV  
  17  1:02  SCV  
  18  1:04  Engineering Bay  
  18  1:14  SCV  
  19  1:32  Orbital Command, Marine  
  20  1:38  Factory  
  20  1:48  Engineering Bay  
  20  1:50  Barracks Reactor  
  20  1:58  Supply Depot  
  20  1:59  SCV  
  21  2:11  SCV  
  22  2:23  SCV, Hellion  
  22  2:28  Command Center  
  25  2:32  Marine  
  25  2:33  Marine  
  27  2:41  Starport  
  27  2:47  Supply Depot  
  27  2:48  SCV  
  28  2:52  Marine  
  28  2:57  Widow Mine  
  31  3:03  Refinery  
  31  3:08  SCV, Marine  
  31  3:10  Marine  
  33  3:21  SCV, Medivac  
  33  3:26  Marine, Factory Tech Lab  
  35  3:28  Marine  
  35  3:33  SCV  
  37  3:40  Orbital Command  
  37  3:41  Barracks  
  37  3:49  Siege Tank  
  37  3:50  Marine  
  37  3:52  Marine  
  42  3:57  SCV  
  42  4:02  Orbital Command  
  43  4:04  Supply Depot  
  43  4:09  SCV  
  44  4:13  Marine x2  
  44  4:14  Starport Tech Lab  
  46  4:21  SCV  
  46  4:22  Refinery  
  47  4:26  Orbital Command  
  48  4:31  Siege Tank  
  48  4:33  SCV  
  48  4:34  Marine x2  
  53  4:45  SCV  
  53  4:48  Supply Depot  
  53  4:51  SCV  
  55  4:54  Stimpack  
  55  4:58  SCV, Barracks  
  56  5:03  SCV  
  56  5:04  Supply Depot, Marine x2  
  59  5:07  Marine  
  59  5:10  SCV  
  61  5:14  Engineering Bay  
  61  5:15  SCV  
  61  5:19  Starport Reactor  
  62  5:22  SCV  
  62  5:23  Supply Depot  
  62  5:27  SCV  
  64  5:30  Marine x2  
  64  5:31  Marine  
  64  5:34  SCV  
  68  5:38  Supply Depot  
  68  5:39  SCV  
  67  5:49  Terran Infantry Weapons Level 1  
  66  5:52  SCV x2  
  66  5:55  Combat Shield, Refinery, Marauder  
  66  5:56  Marine, Marauder, Factory Reactor  
  73  6:00  Medivac  
  76  6:04  SCV x2  
  76  6:06  Supply Depot  
  77  6:14  Medivac  
  77  6:16  SCV x2  
  81  6:21  Marauder  
  81  6:22  Marine x2, Marauder  
  85  6:28  SCV x2  
  85  6:29  Supply Depot  
  87  6:32  Medivac  
  89  6:40  Marine x2  
  89  6:41  Supply Depot  
  89  6:43  Marauder  
  89  6:45  Concussive Shells  
  93  6:50  Medivac  
  93  6:51  Marauder  
  93  6:52  Supply Depot  
  97  7:02  Marine x2  
  97  7:03  Command Center  
  97  7:04  Marauder  
  101  7:08  Supply Depot  
  101  7:09  Widow Mine x2  
  101  7:11  SCV x2  
  101  7:12  Marauder  
  109  7:21  Supply Depot  
  109  7:23  Marine x2  
  109  7:26  SCV, Marauder  
  109  7:27  SCV  
  115  7:33  Marauder  
  117  7:39  Medivac x2  
  117  7:40  SCV x2  
  117  7:43  Supply Depot  
  123  7:46  Widow Mine x2  
  123  7:49  Terran Infantry Armor Level 1  
  127  7:52  Marauder  
  127  7:57  Marauder  
  133  7:59  Marine  
  133  8:00  Marine  
  133  8:10  SCV, Barracks  
  133  8:11  SCV  
  134  8:13  Barracks  
  134  8:22  Orbital Command  
  134  8:24  SCV x2  
  135  8:38  Marine x2  
  135  8:39  Marauder x2  
  140  8:43  SCV x2  
  140  8:45  Viking x2  
  139  8:49  SCV  
  139  8:50  Ghost Academy  
  140  8:55  SCV  
  140  8:56  Marine x2  
  140  9:00  Marauder x2  
  147  9:09  Widow Mine x2  
  140  9:12  Marine x2  
  140  9:14  Marine x2  
  140  9:15  Viking x2  
  135  9:20  SCV x2  
  135  9:21  SCV, Marauder  
  129  9:32  SCV x2  
  129  9:33  SCV  
  129  9:38  Barracks Tech Lab, Barracks Reactor  
  131  9:44  SCV  
  131  9:45  SCV x2  
  132  9:56  SCV  
  132  9:57  Ghost x2  
  132  9:58  Ghost  
  137  10:00  Viking  
  137  10:01  SCV, Viking  
  137  10:04  SCV  
  143  10:08  Refinery  
  143  10:11  Refinery  
  143  10:14  Missile Turret  
  142  10:18  Marine x2  
  142  10:19  Widow Mine x2  
  148  10:25  Engineering Bay, Armory  
  148  10:30  Viking  
  148  10:31  Viking  
  148  10:33  Ghost x2  
  156  10:38  Supply Depot  
  156  10:41  Supply Depot  
  156  10:43  Supply Depot  
  156  10:46  Marine  
  156  10:47  Marine x3, Ghost  
  144  10:57  Widow Mine x2  
  144  11:11  Marine x2  
  144  11:12  Marine x2, Marauder x2  
  144  11:16  Command Center  
  152  11:19  Viking x2  
  152  11:30  Marine x4, Marauder  
  144  11:33  Marauder x2  
  118  11:48  Marine x4  
  118  11:52  Marauder  
  124  11:54  Marauder  
  124  11:55  Marauder  
  124  12:01  Widow Mine x2  
  131  12:02  Medivac x2  
  131  12:06  Marine x4  
  135  12:12  Ghost  
  135  12:15  Ghost x2  
  129  12:23  Marine x2  
  129  12:24  Marine x2  
  129  12:26  Widow Mine x2  
  129  12:29  SCV x2  
  139  12:30  SCV  
  140  12:42  Marauder  
  142  12:44  Marauder  
  142  12:50  Marine x4, Marauder  
  136  13:03  Marauder  
  136  13:06  Marauder  
  136  13:08  Marine x4  
Tags
 
Add a new tag
Caveats
  • Supply blocks, unpowered buildings, or Contaminate may cause inaccurate times.
  • Supply counts are checked every 10 seconds.